 Dungeon Sprint DCSS version 0.25-a0-719-gde951dce62 (webtiles) character file.

Game seed: 5124270918324329593, levelgen mode: deterministic

9412 DavidChitty2 the Fighter (level 11, -1/98 HPs)
             Began as a Demonspawn Abyssal Knight on Apr 6, 2020.
             Was the Champion of Lugonu.
             Hit by a large rock thrown by a cyclops (22 damage)
             ... in the Dungeon (Sprint V: "Ziggurat Sprint").
             The game lasted 00:04:51 (1046 turns).

DavidChitty2 the Fighter (DsAK)                     Turns: 1046, Time: 00:04:52

Health: -1/98      AC: 25    Str: 15    XL:     11   Next: 22%
Magic:  21/21      EV: -1    Int: 15    God:    Lugonu [******]
Gold:   0          SH: 29    Dex: 12    Spells: 10/10 levels left

rFire    + + .     SeeInvis .   a - +11 lance "Wyrmbane" {slay drac, rPois rF+ rC+ AC+3}
rCold    + + +     Gourm    .   C - +18 shield of the Gong {rElec rN+ MR+ EV-5}
rNeg     + . .     Faith    .   b - +5 gold dragon scales
rPois    +         Spirit   .   m - +0 hat
rElec    +         Reflect  .   (no cloak)
rCorr    .         Harm     .   (no gloves)
MR       ++...     NoTele   +   (no boots)
Stlth    ..........             (no amulet)
HPRegen  0.26/turn              d - ring of poison resistance
MPRegen  0.17/turn              l - ring of protection from magic

@: no status effects
A: talons 1, cold resistance 1, powered by pain 1
a: Bend Space, Banish, Corrupt, Brand Weapon With Distortion, Renounce Religion


You were in the Dungeon.
You worshipped Lugonu.
Lugonu was exalted by your worship.
You were very hungry.

You visited 1 branch

Inventory:

Hand Weapons
 a - the +11 lance "Wyrmbane" (weapon) {slay drac, rPois rF+ rC+ AC+3}
   (You found it in the Dungeon)

   It affects your AC (+3).
   It protects you from fire.
   It protects you from cold.
   It protects you from poison.
Armour
 b - +5 gold dragon scales (worn)
   (You found it in the Dungeon)
 m - a +0 hat (worn)
   (You found it in the Dungeon)
 C - the +18 shield of the Gong (worn) {rElec rN+ MR+ EV-5}
   (You found it in the Dungeon)

   It affects your evasion (-5).
   It insulates you from electricity.
   It protects you from negative energy.
   It affects your resistance to hostile enchantments.
Jewellery
 d - a ring of poison resistance (left hand)
   (You found it in the Dungeon)
 l - a ring of protection from magic (right hand)
   (You found it in the Dungeon)
Wands
 c - a wand of disintegration (7)
   (You found it in the Dungeon)
 x - a wand of acid (7)
   (You found it in the Dungeon)
Scrolls
 i - 4 scrolls of blinking
 p - 4 scrolls of amnesia
 q - 7 scrolls of fog
 r - 5 scrolls of identify {@r1}
 s - 5 scrolls of remove curse {@r2}
 t - 2 scrolls of fear
Potions
 f - 6 potions of haste {@q3}
 g - 7 potions of magic
 h - 3 potions of berserk rage
 j - 2 potions of brilliance
 k - 2 potions of invisibility
 n - 5 potions of stabbing
 o - 5 potions of might
 v - 8 potions of heal wounds {@q2}
 w - 8 potions of curing {@q1}
 A - 4 potions of resistance
Miscellaneous
 u - 2 tins of tremorstones
 z - a phantom mirror
Comestibles
 e - 8 rations {!d}


   Skills:
 + Level 13.6 Fighting
 - Level 12.0 Polearms
 + Level 9.8 Armour
 + Level 9.7 Dodging
 + Level 9.7 Shields
 + Level 13.5 Invocations
 + Level 7.5 Evocations


You had 10 spell levels left.
You didn't know any spells.
Your spell library contained the following spells:

 Spells                   Type           Power        Failure   Level  Hunger
 Bolt of Magma            Conj/Fire/Erth #.........   100%        5    ######.
 Iskenderun's Battlesphe  Conj/Chrm      #.......     100%        5    ######.
 Iron Shot                Conj/Erth      #.........   100%        6    #######
 Orb of Destruction       Conj           #.........   100%        7    #######
 Spellforged Servitor     Conj/Summ      #.........   100%        7    #######


Dungeon Overview and Level Annotations

Branches:
Dungeon (1/1)

Altars:
Ashenzari
Cheibriados
Dithmenos
Elyvilon
Fedhas
Gozag
Hepliaklqana
Kikubaaqudgha
Makhleb
Nemelex Xobeh
Okawaru
Qazlal
Ru
Sif Muna
Trog
Uskayaw
Vehumet
Wu Jian
Xom
Yredelemnul
Zin
The Shining One
Beogh
Jiyva
Lugonu

Annotations:
D 1 transporter


Innate Abilities, Weirdness & Mutations

You have sharp toenails.
Your flesh is cold resistant. (rC+)
You sometimes gain a little power by taking damage.


Message History

You are too injured to fight recklessly!
You are too injured to fight recklessly!
You are too injured to fight recklessly!
You are too injured to fight recklessly!
The centaur warrior hits you but does no damage.
The cyclops throws a large rock.
PANG!
You block the large rock. The cyclops completely misses you.
The yaktaur wields a +0 arbalest.
The yaktaur shoots a bolt.
PANG!
You block the bolt.
The yaktaur wields a +0 arbalest.
The yaktaur shoots a bolt.
The bolt completely misses you.
Things that are here:
a bolt; a large rock; 2 arrows The centaur warrior hits you but does no damage.
You block the centaur warrior's attack.
BONNNG!
The centaur warrior wields a +0 shortbow.
The centaur warrior shoots an arrow.
GONNNNG!
You block the arrow.
There is a transporter landing site here.
Things that are here:
an arrow; a large rock The centaur warrior unwields a +0 shortbow.
The centaur warrior hits you but does no damage.
The centaur warrior wields a +0 shortbow.
The centaur warrior shoots an arrow.
The arrow hits you.
* * * LOW HITPOINT WARNING * * *
The yaktaur unwields a +0 arbalest.
The yaktaur wields an uncursed staff of energy.
You block the yaktaur's attack.
GONNNNG!
The yaktaur unwields a +0 arbalest.
The yaktaur wields an uncursed staff of wizardry.
You block the yaktaur's attack.
PANG!
The centaur warrior shoots an arrow.
BOUMMMMG!
You block the arrow. You block the yaktaur's attack.
GONNNNG!
The yaktaur hits you but does no damage.
You see here an arrow.
The centaur warrior shoots an arrow.
The arrow hits you!!
* * * LOW HITPOINT WARNING * * *
The cyclops throws a large rock.
GONNNNG!
You block the large rock.
The cyclops throws a large rock.
The large rock hits you!!
You die...

▓...8©8...▓..8©8..▓
▓..)=.[...▓..:)...▓
▓...}.....▓..=)|..▓
▓.........▓.......▓
▓....)....▓.......▓
▓....()...▓.......▓
▓....Ccc..▓.......▓
▓.▓.(c.(▓.▓.▓††.▓.▓
▓....C.@..▓...©...▓
▓▓▓▓▓▓▓▓▓▓▓▓▓▓▓▓▓▓▓
▓..8©8..▓ ▓..)[)..▓
▓..=)|..▓ ▓.......▓
▓.......▓ ▓..)))..▓
▓..|.)..▓


You could see a centaur warrior, 2 cyclopes and 2 yaktaurs.

Vanquished Creatures
  A green draconian (D)
  2 white draconians (D)
  A yaktaur captain (D)
  2 two-headed ogres (D)
  A wolf spider (D)
  3 draconians (D)
  A cyclops (D)
  2 jumping spiders (D)
  A troll (D)
  A redback (D)
  2 tarantellas (D)
  A yak (D)
  A porcupine (D)
  2 necrophages (D)
  An ogre (D)
  A centaur (D)
  4 scorpions (D)
  An orc priest (D)
  An iguana (D)
  An orc wizard (D)
  An adder skeleton (D)
31 creatures vanquished.

Vanquished Creatures (others)
  A spatial maelstrom (D)
  A porcupine (D)
2 creatures vanquished.

Grand Total: 33 creatures vanquished

Notes
Turn   | Place    | Note
-------+----------+-------------------------------------------
     0 | D        | DavidChitty2 the Demonspawn Abyssal Knight began the quest
                  | for the Orb.
     0 | D        | Reached XP level 1. HP: 18/18 MP: 2/2
     0 | D        | Found a shimmering blue altar of Sif Muna.
     0 | D        | Found a bloodstained altar of Trog.
     0 | D        | Found a sacrificial altar of Ru.
     0 | D        | Found a stormy altar of Qazlal.
     0 | D        | Found an iron altar of Okawaru.
     1 | D        | Found a sparkling altar of Nemelex Xobeh.
     1 | D        | Found a blossoming altar of Fedhas.
     2 | D        | Found the +6 Majin-Bo {vamp, Archmagi MP+6 Int+6}
     2 | D        | Found the +7 great mace "Firestarter" {inner flame, rF++}
     3 | D        | Found a transporter.
     3 | D        | Found an ancient bone altar of Kikubaaqudgha.
     3 | D        | Found a viscous altar of Jiyva.
     3 | D        | Found a corrupted altar of Lugonu.
     3 | D        | Found a hazy altar of Hepliaklqana.
     3 | D        | Found a burning altar of Makhleb.
     3 | D        | Found an opulent altar of Gozag.
     3 | D        | Banished a spatial maelstrom
    23 | D        | Found the +9 heavy crossbow "Sniper" {vorpal, Acc+∞ SInv}
    23 | D        | Found the +10 dark maul {vorpal}
    23 | D        | Found the +15 Maxwell's patent armour {-Cast -Tele rElec
                  | MR+ rCorr}
    23 | D        | Found the +18 shield of the Gong {rElec rN+ MR+ EV-5}
    23 | D        | Found the cursed +14 obsidian axe {vorpal, +Fly SInv
                  | *Curse}
    25 | D        | Found the +6 shillelagh "Devastator" {shatter}
    25 | D        | Found the +11 plutonium sword {*Contam Stlth-}
    25 | D        | Found the +8 lance "Wyrmbane" {slay drac, rPois rF+ rC+
                  | AC+3}
    25 | D        | Found the +9 sword of Zonguldrok {reap}
    25 | D        | Found the cursed +13 scythe of Curses {drain, *Curse}
    25 | D        | Found the +0 sword of Power
    25 | D        | Found the +7 mace of Variability {chain chaos}
    25 | D        | Found the +7 Singing Sword {vorpal, sonic wave}
    25 | D        | Found the +8 storm bow {elec, penet}
   130 | D        | Entered arena 2.
   130 | D        | Noticed an orc priest
   130 | D        | Noticed an orc wizard
   130 | D        | Found a transporter.
   132 | D        | Killed an orc wizard
   132 | D        | Reached skill level 1 in Shields
   132 | D        | Gained mutation: You have sharp toenails. [demonic
                  | ancestry]
   132 | D        | Reached XP level 2. HP: 25/25 MP: 2/4
   132 | D        | Reached ** piety under Lugonu
   132 | D        | Reached XP level 3. HP: 30/30 MP: 2/6
   176 | D        | Entered arena 3.
   176 | D        | Noticed a necrophage
   176 | D        | Noticed a necrophage
   176 | D        | Found a transporter.
   183 | D        | Killed a necrophage
   183 | D        | Reached skill level 5 in Polearms
   183 | D        | Reached skill level 5 in Invocations
   183 | D        | Reached XP level 4. HP: 38/38 MP: 6/8
   183 | D        | Reached XP level 5. HP: 43/43 MP: 6/9
   184 | D        | Killed a necrophage
   184 | D        | Reached skill level 5 in Fighting
   225 | D        | Entered arena 4.
   225 | D        | Noticed a jumping spider
   225 | D        | Noticed a jumping spider
   225 | D        | Found a transporter.
   228 | D        | Reached *** piety under Lugonu
   228 | D        | Gained mutation: Your flesh is cold resistant. (rC+)
                  | [demonic ancestry]
   228 | D        | Reached XP level 6. HP: 52/52 MP: 9/11
   230 | D        | Killed a jumping spider
   230 | D        | Reached skill level 5 in Armour
   230 | D        | Reached skill level 5 in Dodging
   234 | D        | Reached skill level 5 in Shields
   234 | D        | Reached XP level 7. HP: 50/60 MP: 9/12
   244 | D        | Killed a jumping spider
   275 | D        | Entered arena 5.
   275 | D        | Noticed a yak
   275 | D        | Found a transporter.
   280 | D        | Reached **** piety under Lugonu
   290 | D        | Killed a yak
   293 | D        | Reached XP level 8. HP: 38/71 MP: 6/14
   448 | D        | Gained mutation: You sometimes gain a little power by
                  | taking damage. [demonic ancestry]
   448 | D        | Reached XP level 9. HP: 78/78 MP: 14/16
   466 | D        | Entered arena 6.
   466 | D        | Noticed a troll
   466 | D        | Noticed a cyclops
   466 | D        | Noticed a two-headed ogre
   466 | D        | Noticed a two-headed ogre
   466 | D        | Found a transporter.
   470 | D        | Killed a two-headed ogre
   470 | D        | Reached skill level 10 in Fighting
   470 | D        | Reached skill level 10 in Polearms
   470 | D        | Reached skill level 10 in Invocations
   471 | D        | Reached ***** piety under Lugonu
   473 | D        | Killed a troll
   478 | D        | Killed a two-headed ogre
   481 | D        | Killed a cyclops
   481 | D        | Reached XP level 10. HP: 68/88 MP: 16/18
   564 | D        | Entered arena 7.
   564 | D        | Noticed a wolf spider
   578 | D        | Killed a wolf spider
   595 | D        | Reached skill level 5 in Evocations
   598 | D        | Reached ****** piety under Lugonu
   607 | D        | Found a transporter.
   766 | D        | Entered arena 8.
   766 | D        | Noticed a draconian
   766 | D        | Noticed a green draconian
   766 | D        | Noticed a draconian
   766 | D        | Noticed a white draconian
   766 | D        | Noticed a draconian
   766 | D        | Noticed a white draconian
   767 | D        | Found a transporter.
   779 | D        | Killed a white draconian
   787 | D        | Killed a green draconian
   790 | D        | Killed a draconian
   800 | D        | Killed a draconian
   810 | D        | Killed a white draconian
   810 | D        | Reached XP level 11. HP: 50/98 MP: 20/20
  1002 | D        | Got the +1 leather armour of the Untouchables {Dex+7}
  1015 | D        | Entered arena 9.
  1015 | D        | Noticed a centaur warrior
  1015 | D        | Noticed a yaktaur captain
  1016 | D        | Found a transporter.
  1034 | D        | Killed a yaktaur captain
  1046 | D        | Hit by a large rock thrown by a cyclops

Levels and vault maps discovered:
D:        sprint_v [room_start, room_1, room_2, room_3, room_4, room_5, room_6,
          room_7, room_8, room_9, room_10, room_11, room_12, room_13, room_14,
          room_15, room_16, room_17, room_18, room_19, room_20, room_21,
          room_22, room_23, room_24, room_25, room_26, room_27]

Skill      XL: |  1  2  3  4  5  6  7  8  9 10 |
---------------+-------------------------------+-----
Polearms       | 3 5 6 7 9 11 12 | 12.0
Armour         | 2 3 4 5 6 8 9 |  9.8
Dodging        | 2 3 4 5 6 8 9 |  9.7
Shields        | 1 2 3 4 5 6 7 9 |  9.7
Invocations    | 3 4 5 6 7 9 11 13 | 13.5
Fighting       | 4 5 7 9 11 13 | 13.6
Evocations     | 4 7 |  7.5

Action                   |  1- 3 |  4- 6 |  7- 9 | 10-12 || total
-------------------------+-------+-------+-------+-------++-------
Melee: Lance             |     3 |     8 |    34 |   104 ||   149
       Kick              |       |     3 |    11 |    36 ||    50
Invok: Banish            |       |       |     2 |       ||     2
Evoke: Wand              |     5 |     2 |       |       ||     7
       Tin of tremorston |       |       |     1 |       ||     1
  Use: Potion            |       |       |     3 |     2 ||     5
Armor: Gold dragon scale |     1 |     3 |     9 |    47 ||    60
Dodge: Dodged            |       |     1 |     1 |     8 ||    10
Block: Kite shield       |     3 |     6 |    45 |   164 ||   218

Table legend:
 A = Non-vault XP
 B = Vault XP
 C = Vault XP percentage of total XP
 D = Non-vault monster count
 E = Vault monster count
 F = Vault count percentage of total count
                 A         B        C        D         E       F
            +---------+---------+-------+---------+---------+-------
      Total |       0 |   11924 | 100.0 |       0 |      32 | 100.0
            +---------+---------+-------+---------+---------+-------
          D |       0 |   11924 | 100.0 |       0 |      32 | 100.0
            +---------+---------+-------+---------+---------+-------
